 Dungeon Crawl Stone Soup version 0.31-a0-174-g85c54bcb58 (webtiles) character file.

Game seed: 8332347329101347087

3516 Lavandula the Destroyer (level 9, -7/53 (57) HPs)
             Began as a Mummy Conjurer on May 24, 2023.
             Killed from afar by an acid dragon (22 damage)
             ... with a splash of acid
             ... on level 8 of the Dungeon on June 16, 2023.
             The game lasted 00:17:49 (10072 turns).

Lavandula the Destroyer (Mummy Conjurer)           Turns: 10072, Time: 00:17:50

HP:   -7/53 (57)    AC: 13    Str: 10    XL:     9   Next: 81%
MP:   8/13          EV: 10    Int: 22    God:
Gold: 63            SH:  0    Dex: 10    Spells: 2/13 levels left

rFire   x . .        q - +6 dagger (elec)
rCold   + . .        (no shield)
rNeg    + + +        h - quicksilver dragon scales
rPois   ∞            p - +0 helmet "Daak" {rElec}
rElec   +            k - +2 cloak
rCorr   .            (no gloves)
SInv    .            (no boots)
Will    ++...        (no amulet)
Stlth   +            d - ring of flight
HPRegen 0.28/turn    n - +4 ring of slaying
MPRegen 0.13/turn

%: faith
@: flying, studying Summonings, drained
A: cold resistance 1, negative energy resistance 3, torment resistance 2, heat
vulnerability 1, in touch with death 1, no potions, faith
a: no special abilities


You were on level 8 of the Dungeon.
You visited 2 branches of the dungeon, and saw 9 of its levels.

You collected 419 gold pieces.
You spent 356 gold pieces at shops.

Inventory:

Hand Weapons
 b - a +0 dagger
 q - a +6 dagger of electrocution (weapon)
 r - a +1 dagger of venom
 s - a +2 dagger of speed
Missiles
 l - 8 poisoned darts
Armour
 h - quicksilver dragon scales (worn)
 j - a +2 robe of willpower
 k - a +2 cloak (worn)
 p - the +0 helmet "Daak" (worn) {rElec}
   (You found it on level 4 of the Dungeon)

   rElec:     It insulates you from electricity.
Jewellery
 d - a ring of flight (left hand)
 n - a +4 ring of slaying (right hand)
Wands
 o - a wand of charming (10)
 u - a wand of polymorph (3)
Scrolls
 a - 2 scrolls of vulnerability {unknown}
 c - a scroll of immolation
 e - 2 scrolls of amnesia
 f - 2 scrolls of poison {unknown}
 g - 3 scrolls of fear
 i - a scroll of torment {unknown}
 m - 2 scrolls of fog
 t - a scroll of acquirement {unknown}
 v - 2 scrolls of revelation


   Skills:
 - Level 5.0 Short Blades
 - Level 1.5 Dodging
 - Level 1.5 Stealth
 - Level 2.6 Spellcasting
 + Level 10.1 Conjurations
 - Level 5.0 Hexes


You had 2 spell levels left.
You knew the following spells:

 Your Spells              Type           Power      Damage    Failure   Level
a - Magic Dart            Conj           100%       1d8       1%          1
b - Searing Ray           Conj           94%        2d7       1%          2
c - Dazzling Flash        Conj/Hex       72%        N/A       4%          3
d - Fulminant Prism       Conj/Hex       18%        3d11      14%         4
e - Kiss of Death         Conj/Necr      100%       2d13      4%          1

Your spell library contained the following spells:

 Spells                   Type           Power      Damage    Failure   Level
 Passwall                 Tmut/Erth      1%         N/A       45%         2
 Tukima's Dance           Hex            24%        N/A       13%         3
 Portal Projectile        Hex/Tloc       26%        N/A       34%         3
 Iskenderun's Mystic Bla  Conj/Tloc      25%        2d7       38%         4
 Conjure Ball Lightning   Conj/Air       12%        3x3d6     99%         6
 Death Channel            Necr           2%         N/A       100%        6
 Discord                  Hex            12%        N/A       100%        8
 Disjunction              Tloc           1%         N/A       100%        8
 Wereblood                Tmut           Unusable   N/A       N/A         2
 Blade Hands              Tmut           Unusable   N/A       N/A         5
 Dragon Form              Tmut           Unusable   N/A       N/A         7

Dungeon Overview and Level Annotations

Branches:
Dungeon (8/15)             Temple (1/1) D:7
   Lair: D:8-11

Altars:
Dithmenos
Gozag
Hepliaklqana
Makhleb
Nemelex Xobeh
Okawaru
Sif Muna
Trog
Uskayaw
Vehumet
Wu Jian
Yredelemnul

Shops:
D:1 ?   D:4 [

Annotations:
D:6 Duvessa
D:7 exclusion: ice statue


Innate Abilities, Weirdness & Mutations

You are immune to poison.
Your flesh is cold resistant. (rC+)
You are immune to negative energy. (rN+++)
You are immune to unholy pain and torment.
You are vulnerable to heat. (rF-)
You are in touch with the powers of death.
You do not drink.
You have a special connection with the divine. (Faith)


Message History

The steam dragon barely misses you.
The steam dragon claws you but does no damage.
You closely miss the steam dragon.
The steam dragon is almost dead.
You barely miss the steam dragon.
The steam dragon is almost dead.
The steam dragon bites you but does no damage.
The steam dragon claws you but does no damage.
You hit the steam dragon.
The steam dragon is almost dead.
The steam dragon breathes steam at you. The ball of steam hits you!!
The steam scalds you terribly!
You hear a roar!
You hear a shout!
You barely miss the steam dragon.
The steam dragon is almost dead.
You are engulfed in a cloud of scalding steam.
The steam dragon bites you but does no damage.
The steam dragon misses you.
Casting: Fulminant Prism (dangerous; 16% risk of failure)
Confirm with . or Enter, or press ? or * to list all spells.
Aiming: Kiss of Death (safe; 4% risk of failure)
Press: ? - help, Shift-Dir - straight line, f - steam dragon
Aim: a steam dragon (almost dead, 100% to hit)
You feel a surge of power!
The negative energy hits the steam dragon.
The steam dragon is drained!
You kill the steam dragon!
You feel drained.
You are engulfed in a cloud of scalding steam.
An acid dragon comes into view.
The acid dragon roars!
A wight comes into view. It is wielding a +0 scimitar.
A wight comes into view.
It is wielding a +2 halberd of freezing.
The acid dragon spits acid at you. The splash of acid hits you!!
* * * LOW HITPOINT WARNING * * *
An acid dragon is nearby!
The acid dragon spits acid at you. The splash of acid hits you!!
You die...

#####.####....#.# ......
.[.........##.#z# ......
####.....####.#.##......
#####.# #.#D#...# #.#
#.#...# # ... #.#.#.# ..
# ..... #.#..### #.## #
......#.).##.#######l.
##.#
....###.##@..............
# #.# #...##.#######.#.#
# #..##.#..###....##...#
# #...#.#.#.#.#.#..#.#.#
# #...#...#...#......#...
#..##.#.....###c.#.#...
#..##...'........#...##
#..##.###...####.###.
#.....#.....<......# ##


You could see an acid dragon (catching breath) and a wight.

Vanquished Creatures
  An unseen horror (D:8)
  Grinder (D:3)
  Sigmund (D:2)
  A wyvern (D:7)
  Eustachio (D:5)
  2 steam dragons
  Edmund (D:6)
  2 water moccasins
  2 orc warriors
  An ice beast (D:7)
  3 centaurs
  3 ogres
  2 phantoms
  Dowan (D:6)
  2 howler monkeys (D:5)
  5 hounds
  2 jellies
  A gnoll bouda (D:7)
  7 orc priests
  Jessica (D:2)
  6 iguanas
  5 orc wizards
  Robin (D:3)
  4 gnolls (D:7)
  5 adders
  A white imp (D:5)
  2 ufetubi
  A worm (D:3)
  A dart slug (D:1)
  24 orcs
  11 ball pythons
  8 bats
  5 endoplasms
  11 hobgoblins
  5 jackals
  7 kobolds
  4 quokkas
  7 frilled lizards
  11 goblins
  6 rats
165 creatures vanquished.

Vanquished Creatures (others)
  3 fulminant prisms (D:8)
3 creatures vanquished.

Grand Total: 168 creatures vanquished

Notes
Turn   | Place    | Note
-------+----------+-------------------------------------------
     0 | D:1      | Lavandula the Mummy Conjurer began the quest for the Orb.
     0 | D:1      | Reached XP level 1. HP: 13/13 MP: 4/4
   296 | D:1      | Reached XP level 2. HP: 19/19 MP: 0/5
   513 | D:1      | Learned a level 2 spell: Searing Ray
   524 | D:1      | Reached skill level 4 in Conjurations
   883 | D:1      | Gained mutation: You are in touch with the powers of death.
                  | [Mummy growth]
   883 | D:1      | Reached XP level 3. HP: 24/24 MP: 4/7
   887 | D:1      | Learned a level 3 spell: Dazzling Flash
  1035 | D:1      | Found Rabeips's Magic Scroll Emporium.
  1042 | D:1      | Bought a scroll of fear for 44 gold pieces
  1706 | D:2      | Reached XP level 4. HP: 30/30 MP: 2/8
  1709 | D:2      | Noticed Sigmund
  1969 | D:2      | Killed Sigmund
  1970 | D:2      | Reached skill level 5 in Conjurations
  1970 | D:2      | Reached XP level 5. HP: 34/35 MP: 4/9
  2099 | D:2      | Noticed Jessica
  2102 | D:2      | Killed Jessica
  2103 | D:2      | Reached skill level 6 in Conjurations
  2246 | D:2      | Identified the +7 short sword "Ifaix Josch" {spect, +Blink}
  2412 | D:3      | Noticed Robin
  2458 | D:3      | Reached XP level 6. HP: 41/41 MP: 6/10
  2501 | D:3      | Learned a level 4 spell: Fulminant Prism
  2894 | D:3      | Noticed Grinder
  2904 | D:3      | Killed Grinder
  2905 | D:3      | Reached skill level 7 in Conjurations
  2905 | D:3      | Reached XP level 7. HP: 30/46 MP: 0/11
  3537 | D:3      | Killed Robin
  3860 | D:4      | Found Moixtick's Antique Armour Boutique.
  4134 | D:4      | Identified the +0 helmet "Daak" {rElec}
  4604 | D:5      | Entered Level 5 of the Dungeon
  4623 | D:5      | Reached skill level 8 in Conjurations
  4812 | D:5      | Noticed Eustachio
  4838 | D:5      | Killed Eustachio
  4953 | D:5      | Reached XP level 8. HP: 52/52 MP: 7/12
  5154 | D:5      | Reached skill level 9 in Conjurations
  5370 | D:5      | Reached skill level 1 in Short Blades
  6029 | D:5      | Found a shadowy altar of Dithmenos.
  6744 | D:6      | Noticed Dowan
  6754 | D:6      | Killed Dowan
  6760 | D:6      | Noticed Duvessa
  6940 | D:6      | Reached skill level 5 in Short Blades
  6940 | D:6      | Reached XP level 9. HP: 57/57 MP: 7/13
  7070 | D:6      | Found a burning altar of Makhleb.
  7074 | D:6      | Noticed Edmund
  7084 | D:6      | Killed Edmund
  7085 | D:6      | Reached skill level 1 in Hexes
  7490 | D:7      | Got Sif Muna's Handbook of Shaping and Necromancy
  7531 | D:7      | Learned a level 1 spell: Kiss of Death
  7731 | D:7      | Found a staircase to the Ecumenical Temple.
  7768 | Temple   | Entered the Ecumenical Temple
  8422 | D:7      | Noticed an ice statue
  8820 | D:1      | Bought a scroll of brand weapon for 104 gold pieces
  8820 | D:1      | Bought a scroll of magic mapping for 82 gold pieces
  8820 | D:1      | Bought a scroll of fog for 44 gold pieces
  8820 | D:1      | Bought a scroll of blinking for 82 gold pieces
  8926 | D:6      | Reached skill level 5 in Hexes
  9254 | D:8      | Noticed a troll
  9255 | D:8      | Noticed a centaur warrior
  9750 | D:7      | Upgraded the game from 0.31-a0-89-g637a80eef8 to
                  | 0.31-a0-174-g85c54bcb58
  9994 | D:8      | Killed an unseen horror
  9995 | D:8      | Reached skill level 10 in Conjurations
 10072 | D:8      | Killed from afar by an acid dragon

Illustrated notes

Levels and vault maps discovered:
D:1:      lightli_arrival_flooded_house, layout_loops_ring, serial_shops, shop,
          hex_large, serial_bayou_pond_e
D:2:      cheibrodos_helix_gallery, layout_loops_cross, basic_altar,
          minmay_vboxes, uniq_jessica, uniq_sigmund
D:3:      layout_basic, minmay_tree_intersection, minmay_misc_feat_five,
          uniq_grinder, uniq_robin
D:4:      layout_rooms, serial_shops, nicolae_shop_just_a_little_nook
D:5:      layout_loops_corners, minitemple, uniq_eustachio
D:6:      layout_basic, general_overflow_altar, kennysheep_dice, uniq_edmund,
          uniq_duvessa
D:7:      lemuel_ice_statue, layout_loops_corners,
          minmay_temple_entry_antechambers, feat_on_display
D:8:      layout_basic, serial_shops, shop, minmay_manual_monstrance, uniq_grum
Temple:   hc_temple_tempest_star

Skill      XL: |  1  2  3  4  5  6  7  8  9 |
---------------+----------------------------+-----
Conjurations   | 4 5 6 7 8 9 10 | 10.1
Short Blades   | 5 |  5.0
Hexes          | 5 |  5.0
Dodging        | |  1.5
Stealth        | |  1.5
Spellcasting   | |  2.6

Action                     |  1- 3 |  4- 6 |  7- 9 || total
---------------------------+-------+-------+-------++-------
  Melee: Dagger            |    18 |    20 |    34 ||    72
         Unarmed           |     3 |       |       ||     3
   Cast: Magic Dart        |    78 |    33 |   137 ||   248
         Searing Ray       |     2 |     7 |    55 ||    64
         Fulminant Prism   |       |       |     4 ||     4
         Kiss of Death     |       |       |     3 ||     3
  Evoke: Wand              |       |       |     1 ||     1
    Use: Scroll            |       |       |    16 ||    16
   Stab: Sleeping          |     1 |       |       ||     1
 Armour: Robe              |     3 |       |       ||     3
         Quicksilver drago |     3 |     9 |    66 ||    78
  Dodge: Dodged            |    14 |    18 |    67 ||    99

Table legend: (Time is in decaauts)
 A = Elapsed time spent in this place.
 B = Non-inter-level travel time spent in this place.
 C = Inter-level travel time spent in this place.
 D = Time resting spent in this place.
 E = Time spent auto-exploring this place.
 F = Levels seen in this place.
 G = Mean time per level.
                   A        B        C        D        E       F      G
               +--------+--------+--------+--------+--------+-----+--------+
         Total |  10073 |   9408 |    665 |    870 |   7303 |   9 | 1119.2 |
       Dungeon |   9872 |   9227 |    645 |    870 |   7133 |   8 | 1234.0 |
        Temple |    200 |    180 |     20 |      0 |    170 |   1 |  200.0 |
               +--------+--------+--------+--------+--------+-----+--------+

Top non-repeatable levels by time:
     D:5: 2062 daAuts
     D:7: 1734 daAuts
     D:3: 1343 daAuts
     D:1: 1260 daAuts
     D:2: 1248 daAuts
     D:6: 1003 daAuts
     D:4: 900 daAuts
     D:8: 320 daAuts
  Temple: 200 daAuts
